 Dungeon Crawl Stone Soup version 0.31.0-12-g77e489cdc1 (webtiles) character file.

Game seed: 695019813569924777

28 Cheops the Changeling (level 3, -11/34 HPs)
             Began as an Octopode Shapeshifter on Feb 26, 2024.
             Mangled by Sigmund
             ... wielding a +0 scythe of distortion
              (21 damage)
             ... on level 2 of the Dungeon.
             The game lasted 00:01:44 (806 turns).

Cheops the Changeling (Octopode Shapeshifter)        Turns: 806, Time: 00:01:45

Health: -11/34     AC: 21    Str: 15    XL:     3   Next: 14%
Magic:  3/3        EV:  2    Int: 12    God:
Gold:   31         SH:  0    Dex: 11    Spells: 2/2 levels left

rFire   . .          .
                       - Unarmed
rCold   . . .        (no shield)
rNeg    . . .        (helmet currently unavailable)
rPois   +            (no amulet)
rElec   .            l - ring of resist corrosion
rCorr   +            (no ring)
SInv    .            (no ring)
Will    .....        (no ring)
Stlth   +            (no ring)
HPRegen 0.25/turn    (no ring)
MPRegen 0.08/turn    (no ring)
                     (no ring)

%: no passive effects
@: confused, tree-form (expiring)
A: stationary, stasis, torment immunity, boosted hp, almost no armour,
(amphibious), 8 rings, (camouflage 1), (gelatinous body 1), (nimble swimmer 1),
(tentacles)
a: no special abilities


You were on level 2 of the Dungeon.
You were a tree.
You visited 1 branch of the dungeon, and saw 2 of its levels.

You collected 31 gold pieces.

Inventory:

Jewellery
 h - a ring of fire
 l - a ring of resist corrosion (left branch)
Talismans
 b - a beast talisman (active)
 c - a flux talisman
Scrolls
 d - a scroll of vulnerability {unknown}
 k - 3 scrolls of blinking {unknown}
Potions
 e - a potion of enlightenment {unknown}
 f - a potion of heal wounds {unknown}
 g - a potion of curing {unknown}
 i - a potion of haste {unknown}
 j - a potion of brilliance {unknown}


   Skills:
 - Level 1.0 Fighting
 - Level 2.0 Dodging
 - Level 3.0 Unarmed Combat
 + Level 4.0 Shapeshifting


You had 2 spell levels left.
You didn't know any spells.
Your spell library was empty.

Dungeon Overview and Level Annotations

Branches:
Dungeon (2/15)

Altars:

Shops:
D:1 *

Annotations:
D:2 Sigmund


Innate Abilities, Weirdness & Mutations

You are a tree.
Your roots penetrate the ground, keeping you stationary.
You cannot be teleported.
You are immune to unholy pain and torment.
Your maximum health is greatly increased.
You cannot wear most types of armour.
((You are amphibious.))
You can wear up to eight rings at the same time.
((Your skin changes colour to match your surroundings (Stealth+).))
((Your rubbery body absorbs attacks. (AC +1, EV +1)))
((You are camouflaged when in or above water. (Stealth+)))
((You have tentacles for arms and can constrict up to eight enemies at once.))


Message History

Sigmund flickers and vanishes!
Deactivating autopickup; reactivate with Ctrl-A.
Your transformation has ended.
You turn into a tree.
Your roots penetrate the ground.
Something hits you but does no damage. Space warps around you.
Unknown command.
You cannot move.
You cannot move.
You cannot move.
You cannot move.
You cannot move.
You cannot move.
You miss something. You hit something. Something hits you but does no damage.
Space warps around you.
You smack something!
You hit something.
You hear some strange, mumbled words.
A puff of flame appears from out of thin air!
The puff of flame hits you but does no damage.
You closely miss something. Something hits you but does no damage.
Space warps around you.
You completely miss something.
You hear some strange, mumbled words.
You are confused.
You attack the rock wall.
Something hits you but does no damage.
You swing at nothing.
You miss something. Something hits you but does no damage.
You attack the rock wall.
Something hits you but does no damage. Space warps horribly around you!
* * * LOW HITPOINT WARNING * * *
You cannot move. (Use ctrl+direction or * direction to attack while stationary and confused.)
You cannot move. (Use ctrl+direction or * direction to attack while stationary and confused.) Unknown command.
You swing at nothing.
Your transformation is almost over.
You attack the rock wall.
Something hits you but does no damage. Space warps horribly around you!!
Ouch! That really hurt!
You die...

... ...######
...#######.......#
.................# #....#.#
#.......# .. #..#.#.#
#.......# ... #..#...#
#.......# #...
#..##..###.......# #...
#..##....#..####.#######@.#
##..###.#....##.♣.........
......).##...##{######..#
##..######.......# #...#
..[†....##...##..####...#####
..............#...........[.#
###.###.#####..#.##......####
)...###.# ##...<#......#
........... ..##.....##..#
......#.#####. ....>.. ..#


There were no monsters in sight!

Vanquished Creatures
  A dart slug (D:1)
  5 bats
  A giant cockroach (D:1)
  3 hobgoblins
  5 kobolds
  A quokka (D:1)
  2 ball pythons (D:1)
  3 frilled lizards (D:1)
  4 goblins
25 creatures vanquished.

Notes
Turn   | Place    | Note
-------+----------+-------------------------------------------
     0 | D:1      | Cheops the Octopode Shapeshifter began the quest for the
                  | Orb.
     0 | D:1      | Reached XP level 1. HP: 13/13 MP: 1/1
    67 | D:1      | Found Zem Imes's Assorted Antiques.
   158 | D:1      | Reached XP level 2. HP: 16/18 MP: 2/2
   726 | D:2      | Reached XP level 3. HP: 18/23 MP: 3/3
   728 | D:2      | Reached skill level 4 in Shapeshifting
   777 | D:2      | Noticed Sigmund
   806 | D:2      | Mangled by Sigmund

Illustrated notes

Levels and vault maps discovered:
D:1:      lemuel_arrival_funnel, layout_basic, serial_bayou,
          serial_bayou_pond_e, serial_bayou_pond_e, serial_bayou_shore_b,
          serial_bayou_ford_a, serial_shops, nicolae_shop_stone,
          minmay_misc_feat_square, minmay_misc_feat_chi, nrook_campfire,
          minmay_pentomino_v4
D:2:      layout_basic, wad_floor_pattern_untrapped, st_stairs_1, uniq_sigmund

Skill      XL: |  1  2  3 |
---------------+----------+-----
Shapeshifting  | 4 |  4.0
Fighting       | |  1.0
Dodging        | |  2.0
Unarmed Combat | |  3.0

Action                     || total
---------------------------++-------
  Melee: Unarmed           ||    50
         Constrict         ||    13
         Tentacles         ||     9
         Punch             ||     1
Ability: Begin Untransform ||     1
    Use: Potion            ||     1
   Stab: Sleeping          ||     5
 Armour: Skin              ||    20
  Dodge: Dodged            ||    18
   Form: Beast             ||     1
